 Dungeon Crawl Stone Soup version 0.14-a0-2124-ga163777 (webtiles) character file.

275 Herrn the Skirmisher (level 4, 38/38 HPs)
             Began as a Djinni Fighter on Jan 27, 2014.
             Was a Believer of Makhleb.
             Quit the game on Level 3 of the Dungeon.
             The game lasted 00:11:27 (2324 turns).

Herrn the Skirmisher (Djinni Fighter)               Turns: 2324, Time: 00:11:27

HP  38/38        AC  6     Str 22      XL: 4   Next: 86%
MP   0/0         EV  6     Int  8      God: Makhleb [**....]
Gold 147         SH 19     Dex 13      Spells:  0 memorised,  3 levels left

rFire  + + +     SeeInvis .     a - +0 mace
rCold  x . .     Clarity  .     b - +0 scale mail
rNeg   + + +     Conserve .     c - +0 shield
rPois  .         rCorr    .     (no helmet)
rElec  .         rRot     .     (no cloak)
SustAb . .       Spirit   .     (no gloves)
rMut   .         Warding  .     (boots unavailable)
Saprov . . .     Stasis   .     (no amulet)
MR     .....                    (no ring)
                                (no ring)

@: mighty, flying, very slightly contaminated, hasted, very quick, not resistant
to hostile enchantments, extremely unstealthy
A: fire immunity, cold vulnerability, life protection 3
a: Minor Destruction, Renounce Religion


You were on level 3 of the Dungeon.
You worshipped Makhleb.
Makhleb was pleased with you.
You were not hungry.

You visited 1 branch of the dungeon, and saw 3 of its levels.
You also visited: Sewer.

You collected 147 gold pieces.

Inventory:

Hand weapons
 a - a +0,+0 mace (weapon)
Armour
 b - a +0 scale mail (worn)
 c - a +0 shield (worn)
Scrolls
 g - a scroll of noise
 h - a scroll of teleportation
Potions
 d - 3 potions of heal wounds
 f - 4 potions of curing
 i - a potion of speed
 j - a potion of might


   Skills:
 * Level 4.5 Fighting
 + Level 3.2 Maces & Flails
 - Level 3.2 Armour
 - Level 3.0 Shields


You had 3 spell levels left.
You didn't know any spells.

Dungeon Overview and Level Annotations

Branches:
Dungeon (3/16)

Altars:
Makhleb


Innate Abilities, Weirdness & Mutations

You are immune to all types of fire, even holy and hellish.
You are vulnerable to cold.
You need no food.
You have no legs.
You are immune to negative energy.


Message History

You hear a loud clanging noise!
It was a scroll of noise.
Done exploring.
As you read the scroll labeled MNIOCZ ELAOWEU, it crumbles to dust.
You feel strangely unstable.
It was a scroll of teleportation.
Your surroundings suddenly seem different.
There is a gate leading back out of here here.
As you read the scroll labeled LOUMPU BROIKI, it crumbles to dust.
Use on which item? (\ to view known items) (? for menu, Esc to quit)
Nothing appears to happen.
You feel yourself speed up.
It was a potion of speed.
You are very lightly contaminated with residual magic.
You feel very mighty all of a sudden.
It was a potion of might.
You feel refreshed.
It was a potion of restore abilities.
You feel much better.
It was a potion of heal wounds.
You feel better.
It was a potion of curing.
Welcome back to the Dungeon!
There is a collapsed entrance here.
Are you sure you want to abandon this character and quit the game? (Confirm with "yes".)

******* ,, ,, * ,,<,,,* ,,,,,,*
,,,, ,* ,,,,,,* ,,,,,,* ######
,,,,,,* #....#
,,,,,*********#@##.######## ,
,,,,,,,,,,,,,#≈#.........#
,,,,,,***>,>,,,#≈#########.#
,,,,,,, *,, ,,,#≈#########.######
,,,,,,,**,,,,,,#≈#..........)....
,,,,,,,**,,,,,,#≈#########.######
,,,,,,**,,,,,,#≈# ###.## *
,,,,,,,**,,,,,,#.# #....# * ,,,
,,,***,****#≈#######....# *


There were no monsters in sight!

Vanquished Creatures
  A big fish (D:3)
  4 adders
  A grey rat (Sewer)
  A giant gecko (D:1)
  2 orcs (D:2)
  4 ball pythons
  A giant cockroach (D:2)
  11 hobgoblins
  A quokka (D:2)
  5 bats
  9 giant newts
  6 goblins
  8 kobolds
  10 rats
64 creatures vanquished.

Notes
Turn   | Place    | Note
--------------------------------------------------------------
     0 | D:1      | Herrn, the Djinni Fighter, began the quest for the Orb.
     0 | D:1      | Reached XP level 1. HP: 16/16 MP: 0/0
   251 | D:1      | Reached XP level 2. EP: 12/23
   966 | D:2      | Reached XP level 3. EP: 29/29
  1018 | D:2      | Found a burning altar of Makhleb.
  1018 | D:2      | Noticed a green death
  1022 | D:2      | Noticed a hellwing
  1022 | D:2      | Noticed a smoke demon
  1024 | D:2      | Became a worshipper of Makhleb the Destroyer
  1211 | D:2      | Reached skill level 4 in Fighting
  1361 | D:2      | Reached XP level 4. EP: 37/37
  1445 | D:2      | Acquired Makhleb's first power
  1860 | D:3      | Found a glowing drain.
  1883 | Sewer    | Entered a sewer
  2064 | Sewer    | Acquired Makhleb's second power
  2324 | D:3      | Quit the game

Action                   |  1- 3 |  4- 6 || total
-------------------------+-------+-------++-------
Melee: Mace              |   139 |    88 ||   227
  Use: Scroll            |       |     9 ||     9
       Potion            |       |     5 ||     5
